Map: Ciudad Esmeralda EE

Players

MrFercho

  • Race: Zerg Zerg
  • League: Silver
  • Spawn Location: 5:00

tigro

  • Race: Terran Terran
  • League: Bronze
  • Spawn Location: 5:00

Goku

  • Race: Terran Terran
  • League: Silver
  • Spawn Location: 11:00

SALINERO

  • Race: Terran Terran
  • Spawn Location: 11:00

VOD

Have the link to the VOD?

Description

Time

  • Played on: June 19, 2020, 8:48 p.m.
  • Length: 9:11
Show
View Real Time Build Order
Export as new Build Order

MrFercho Zerg 

Build Orders: Hatch First 

Get SALT Encoding   

  12  0:01  Drone  
  13  0:13  Overlord  
  13  0:18  Drone  
  14  0:34  Drone x2  
  16  0:56  Drone x2  
  18  1:05  Hatchery  
  17  1:14  Spawning Pool  
  17  1:15  Drone  
  17  1:20  Drone  
  17  1:22  Drone  
  19  1:28  Extractor  
  19  1:32  Drone  
  19  1:41  Drone  
  20  1:55  Drone  
  21  2:05  Overlord  
  21  2:11  Roach Warren, Queen  
  22  2:17  Drone  
  22  2:18  Queen, Drone  
  26  2:24  Overlord  
  26  2:28  Drone  
  27  2:33  Drone  
  28  2:38  Drone  
  30  2:44  Drone  
  30  2:59  Drone x2  
  30  3:02  Queen  
  34  3:07  Drone x2  
  34  3:11  Drone  
  37  3:16  Drone  
  38  3:25  Roach x3  
  44  3:31  Overlord  
  44  3:32  Overlord  
  44  4:23  Roach x4  
  52  4:25  Overlord  
  52  4:26  Overlord x3  
  52  4:36  Pneumatized Carapace  
  52  4:43  Extractor  
  51  4:46  Extractor  
  51  4:48  Lair  
  51  4:51  Drone x4  
  51  4:52  Drone x2  
  56  4:56  Drone  
  56  4:58  Extractor  
  56  5:10  Drone x5  
  61  5:28  Drone x5  
  52  5:57  Overlord x6  
  48  6:15  Zergling x2  
  48  6:16  Zergling x6  
  50  6:38  Hatchery  
  45  7:22  Roach x3  
  51  7:40  Roach  
  53  7:50  Drone  
  54  7:58  Roach x5  
  58  8:45  Drone x6  
  58  8:46  Drone x2  
  66  8:53  Extractor  
Show
View Real Time Build Order
Export as new Build Order

tigro Terran 

Build Orders:  

Get SALT Encoding   

  12  0:04  SCV  
  13  0:16  SCV  
  14  0:25  Supply Depot  
  14  0:28  SCV  
  15  0:37  Refinery  
  15  0:47  SCV  
  16  0:55  Barracks  
  16  0:59  SCV  
  17  1:06  Refinery  
  17  1:11  SCV  
  18  1:20  Supply Depot  
  18  1:23  SCV  
  19  1:35  SCV  
  20  1:42  Marine  
  21  1:47  SCV  
  22  1:59  SCV  
  22  2:00  Marine, Barracks  
  24  2:11  SCV  
  25  2:18  Marine  
  25  2:21  Engineering Bay  
  26  2:26  SCV  
  27  2:36  Marine  
  28  2:45  Orbital Command  
  28  2:53  Marine  
  28  2:56  Barracks Tech Lab  
  29  2:59  Factory  
  29  3:19  Command Center  
  29  3:20  Barracks Reactor  
  29  3:22  Combat Shield  
  29  3:38  Marine  
  30  3:46  Factory Tech Lab  
  30  3:56  Marine  
  30  3:57  Starport  
  30  3:58  Terran Infantry Weapons Level 1  
  31  4:12  Siege Tank  
  31  4:13  Marine  
  35  4:17  Marine x2  
  37  4:31  Marine  
  37  4:33  Refinery  
  38  4:38  Medivac  
  38  4:41  Stimpack  
  40  5:01  Starport  
  40  5:18  SCV  
  41  5:30  SCV  
  41  5:33  Marine  
  41  5:34  Marine x2  
  45  5:42  SCV  
  46  5:51  Marine x3  
  46  5:53  Terran Infantry Armor Level 1  
  46  5:54  SCV  
  36  6:09  Marine  
  34  6:12  Marine x2  
  32  6:27  Marine  
  32  6:30  Marine x2  
  32  6:45  Marine  
  30  6:48  Marine  
  25  6:56  Marine  
  23  7:11  Medivac  
  23  7:12  Medivac  
  17  7:41  Liberator  
  20  7:47  Hi-Sec Auto Tracking  
  20  7:53  Starport Tech Lab  
  5  8:24  Liberator  
Show
View Real Time Build Order
Export as new Build Order

Goku Terran 

Build Orders:  

Get SALT Encoding   

  12  0:03  SCV  
  13  0:16  Supply Depot  
  13  0:18  SCV  
  14  0:30  SCV  
  15  0:50  Barracks  
  15  0:58  SCV  
  16  1:04  Barracks  
  16  1:10  SCV, Refinery  
  17  1:14  Refinery  
  17  1:22  SCV  
  18  1:34  SCV  
  19  1:55  SCV  
  20  2:01  Marine  
  20  2:02  Marine  
  20  2:07  Factory  
  22  2:09  Orbital Command  
  22  2:17  Supply Depot  
  22  2:18  Supply Depot  
  22  2:27  Barracks Tech Lab  
  22  2:37  Barracks Reactor  
  22  2:40  Supply Depot  
  22  2:45  SCV  
  23  2:53  Factory Tech Lab  
  23  2:57  SCV  
  24  2:58  Starport  
  24  3:03  Combat Shield  
  24  3:23  Siege Tank  
  27  3:36  Marine x3  
  30  3:42  Starport Reactor  
  30  3:51  Command Center  
  30  3:53  Marine x2  
  32  3:59  Marine  
  33  4:05  Siege Tank  
  36  4:19  Medivac  
  38  4:33  Medivac  
  38  4:37  Marine x2  
  38  4:38  Marine  
  43  4:55  Marine x2  
  45  5:34  Marine x2  
  45  5:35  Marine  
  48  5:38  Siege Tank  
  51  5:52  Marine x2  
  53  6:10  Siege Tank  
  56  6:50  Marine x3  
  59  6:55  Siege Tank  
  62  8:28  Siege Tank  
  62  8:31  Marine x3  
  54  8:48  Marine x3  
Show
View Real Time Build Order
Export as new Build Order

SALINERO Terran 

Build Orders: 1/1/1 

Get SALT Encoding   

  12  0:01  SCV  
  13  0:18  SCV, Supply Depot  
  14  0:30  SCV  
  15  0:42  Barracks  
  15  0:43  SCV  
  15  0:47  Refinery  
  16  0:56  SCV, Refinery  
  17  1:08  SCV  
  18  1:20  SCV  
  19  1:32  SCV  
  20  1:36  Factory  
  20  1:42  Supply Depot  
  20  1:44  SCV  
  21  1:56  SCV  
  21  1:58  Barracks Tech Lab  
  23  2:08  SCV  
  23  2:10  Engineering Bay  
  23  2:20  SCV  
  23  2:21  Factory Tech Lab  
  24  2:24  Marine  
  24  2:25  Starport  
  25  2:32  SCV  
  26  2:38  Supply Depot  
  26  2:44  Concussive Shells  
  26  2:46  Marauder  
  28  2:56  Siege Tank  
  31  3:05  Orbital Command  
  31  3:11  Medivac  
  33  3:14  Marine  
  34  3:23  Supply Depot  
  34  3:31  Marine  
  34  3:32  Siege Tank  
  38  3:45  Medivac  
  40  3:49  Marine  
  40  3:51  Supply Depot  
  41  4:08  Terran Infantry Weapons Level 1, Marauder  
  43  4:20  Combat Shield  
  43  4:28  Command Center, Marine  
  44  4:40  Medivac  
  46  4:46  Marine  
  47  5:04  Marine  
  48  5:15  Command Center  
  48  5:20  Missile Turret  
  48  5:22  Marine  
  49  5:40  Marauder  
  49  5:41  Missile Turret  
  49  6:01  Marine  
  50  6:04  Medivac  
  49  6:16  Siege Tank  
  52  6:19  Marine  
  49  6:34  Medivac  
  49  6:37  Marine  
  45  6:54  Marine  
  46  7:03  Barracks  
  46  7:04  Medivac  
  46  7:06  Barracks  
  48  7:09  Supply Depot  
  48  7:11  Supply Depot  
  48  7:12  Supply Depot, Orbital Command, Marine  
  49  7:16  SCV  
  49  7:20  SCV  
  51  7:28  SCV  
  52  7:30  Marine  
  52  7:32  SCV  
  52  7:34  Armory, Medivac  
  56  7:47  SCV  
  56  7:48  Marine  
  58  7:54  Refinery  
  58  7:59  Refinery  
  58  8:04  Medivac  
  60  8:06  Marine  
  61  8:20  Siege Tank  
  61  8:22  Engineering Bay  
  61  8:24  Marine  
  61  8:26  SCV  
  61  8:27  SCV x2  
  68  8:34  Medivac  
  68  8:38  SCV  
  68  8:39  SCV x2  
  73  8:41  Marine  
  73  8:47  Refinery  
  74  8:51  SCV x3, Refinery  
Tags
 
Add a new tag
Caveats
  • Supply blocks, unpowered buildings, or Contaminate may cause inaccurate times.
  • Supply counts are checked every 10 seconds.